 Dungeon Crawl Stone Soup version 0.31-a0-162-gc4c5a43528 (webtiles) character file.

Game seed: 10422620677288502570

8 qw the Shooter (level 2, 0/26 HPs)
             Began as a Naga Hunter on June 12, 2023.
             Slain by a jackal (1 damage)
             ... on level 1 of the Dungeon.
             The game lasted 00:00:03 (76 turns).

qw the Shooter (Naga Hunter)                          Turns: 76, Time: 00:00:04

Health: 0/26       AC:  2    Str: 13    XL:     2   Next: 8%
Magic:  2/2        EV:  9    Int:  9    God:
Gold:   0          SH:  0    Dex: 14    Spells: 1/1 levels left

rFire   . . .        a - +0 shortbow
rCold   . . .        (shield currently unavailable)
rNeg    . . .        c - +0 leather armour
rPois   +            (no helmet)
rElec   .            (no cloak)
rCorr   .            (no gloves)
SInv    +            (no barding)
Will    .....        (no amulet)
Stlth   ++           (no ring)
HPRegen 0.24/turn    (no ring)
MPRegen 0.08/turn

%: no passive effects
@: short of breath, very slow
A: AC +0, large, see invisible, deformed body, poison resistance, slowness 2,
spit poison 1, naga tail 1
a: Spit Poison


You were on level 1 of the Dungeon.
You visited 1 branch of the dungeon, and saw 1 of its levels.


Innate Abilities, Weirdness & Mutations

Your serpentine skin is tough. (AC +0)
You have supernaturally acute eyesight. (SInv)
Armour fits poorly on your strangely shaped body.
Your system is resistant to poisons. (rPois)
You cover ground very slowly.
You can spit poison.
You have a snake-like lower body.


   Skills:
 - Level 2.0 Fighting
 + Level 4.0 Ranged Weapons
 - Level 1.5 Dodging
 - Level 1.5 Stealth


You had one spell level left.
You didn't know any spells.
Your spell library was empty.

Inventory:

Hand Weapons
 a - a +0 shortbow (weapon)
Armour
 c - a +0 leather armour (worn)
Scrolls
 b - a scroll of butterflies
 d - a scroll of teleportation {unknown}
 e - a scroll of blinking {unknown}

Dungeon Overview and Level Annotations

Branches:
Dungeon (1/15)

Altars:


Message History

You kill the jackal!
The frilled lizard bites you. The jackal completely misses you.
The frilled lizard closely misses you.
A gnoll comes into view. It is wielding a +0 flail.
You shoot an arrow.
The arrow hits the frilled lizard but does no damage.
You have got your breath back.
The jackal bites you. The frilled lizard bites you. The jackal bites you.
71 ||| INVOKING Spit Poison.
Aiming: Spit Poison (3% risk of failure)
Press: ? - help, Shift-Dir - straight line, f/p - frilled lizard The splash of poison hits the frilled lizard.
The frilled lizard is poisoned.
You kill the frilled lizard!
The jackal misses you.
Your Ranged Weapons skill increases to level 4!
You have reached level 2!
You shoot an arrow. The arrow hits the jackal.
The jackal is severely wounded.
The jackal bites you.
You shoot an arrow. The arrow hits the jackal.
The jackal is heavily wounded.
The jackal bites you. The jackal closely misses you. The jackal bites you.
You shoot an arrow. The arrow hits the jackal.
You kill the jackal!
The jackal bites you. The jackal misses you.
You shoot an arrow. The arrow closely misses the jackal.
The arrow hits the gnoll.
The gnoll is heavily wounded.
You have got your breath back.
The jackal bites you.
The jackal bites you but does no damage. x2
The jackal barely misses you.
76 ||| INVOKING Spit Poison.
Aiming: Spit Poison (2% risk of failure)
Press: ? - help, Shift-Dir - straight line, f/p - jackal The splash of poison hits the jackal but does no damage.
The jackal is heavily wounded.
The jackal bites you.
You die...

###....# #..#.##
#...<..# ##.#..
##....## #.###.#
###...# ##.# ..
#....## #.## ...
#....# ###.# . ###.##
##...#
....########....#####
#..gh@.[............
####h#####..#.....##
#.#..............
#.############### #.
.. .. ..


You could see a gnoll and 2 jackals.

Vanquished Creatures
  An endoplasm (D:1)
  A goblin (D:1)
  2 jackals (D:1)
  A ball python (D:1)
  A frilled lizard (D:1)
  2 rats (D:1)
8 creatures vanquished.

Notes
Turn   | Place    | Note
-------+----------+-------------------------------------------
     0 | D:1      | qw the Naga Hunter began the quest for the Orb.
     0 | D:1      | Reached XP level 1. HP: 19/19 MP: 1/1
     0 | D:1      | 0 ||| qw: Version: 0.2-a-29-gc1b59c4
     0 | D:1      | 0 ||| qw: Game counter: 4382
     0 | D:1      | 0 ||| qw: Always use a shield: true
     0 | D:1      | 0 ||| qw: God list: Okawaru
     0 | D:1      | 0 ||| qw: Allow faded altars: false
     0 | D:1      | 0 ||| qw: Do Orc after D:15 true
     0 | D:1      | 0 ||| qw: Do second Lair branch before Depths: true
     0 | D:1      | 0 ||| qw: Lair rune preference: random
     0 | D:1      | 0 ||| qw: Plans: Normal
     0 | D:1      | 0 ||| PLANNING D:1-11
    53 | D:1      | 53 ||| INVOKING Spit Poison.
    59 | D:1      | 59 ||| INVOKING Spit Poison.
    65 | D:1      | 65 ||| INVOKING Spit Poison.
    71 | D:1      | 71 ||| INVOKING Spit Poison.
    72 | D:1      | Reached skill level 4 in Ranged Weapons
    72 | D:1      | Reached XP level 2. HP: 9/26 MP: 2/2
    73 | D:1      | HP: 5/26 [jackal (3)]
    74 | D:1      | HP: 1/26 [jackal (2)]
    76 | D:1      | 76 ||| INVOKING Spit Poison.
    76 | D:1      | Slain by a jackal

Levels and vault maps discovered:
D:1:      dpeg_arrival_arbitrary_a, layout_rooms

Skill      XL: |  1 |
---------------+----+-----
Ranged Weapons | 4 |  4.0
Fighting       | |  2.0
Dodging        | |  1.5
Stealth        | |  1.5

Action                     || total
---------------------------++-------
   Fire: Shortbow          ||    15
Ability: Spit Poison       ||     5
 Armour: Leather armour    ||     2
  Dodge: Dodged            ||     7

Table legend:
 A = Non-vault XP
 B = Vault XP
 C = Vault XP percentage of total XP
 D = Non-vault monster count
 E = Vault monster count
 F = Vault count percentage of total count
                 A         B        C        D         E       F
            +---------+---------+-------+---------+---------+-------
      Total |      12 |       0 |   0.0 |       8 |       0 |   0.0
            +---------+---------+-------+---------+---------+-------
        D:1 |      12 |       0 |   0.0 |       8 |       0 |   0.0
            +---------+---------+-------+---------+---------+-------
